 Dungeon Crawl Stone Soup version 0.28.0-49-g6dfe1f597d (webtiles) character file.

Game seed: 14405382735826691287

177 Zeld the Digger (level 5, -1/31 HPs)
             Began as a Gargoyle Earth Elementalist on May 16, 2022.
             Slain by an ogre
             ... wielding a +0 giant club
              (16 damage)
             ... on level 4 of the Dungeon.
             The game lasted 00:03:15 (3927 turns).

Zeld the Digger (Gargoyle Earth Elementalist)       Turns: 3927, Time: 00:03:15

Health: -1/31      AC: 13    Str: 12    XL:     5   Next: 57%
Magic:  5/9        EV: 10    Int: 17    God:
Gold:   192        SH:  0    Dex: 10    Spells: 3/9 levels left

rFire   . . .      SeeInvis .   (no weapon)
rCold   . . .      Faith    .   (no shield)
rNeg    + . .      Spirit   .   b - +3 ring mail
rPois   ∞          Reflect  .   (no helmet)
rElec   +          Harm     .   (no cloak)
rCorr   .          Rampage  .   (no gloves)
Will    .....                   k - +0 pair of boots
Stlth   +.........              (no amulet)
HPRegen 0.10/turn               (no ring)
MPRegen 0.11/turn               (no ring)

@: no status effects
A: sickness immunity, AC +4, negative energy resistance 1, electricity
resistance, torment resistance 1, petrification resistance
a: no special abilities


You were on level 4 of the Dungeon.
You visited 1 branch of the dungeon, and saw 4 of its levels.

You collected 192 gold pieces.

Inventory:

Missiles
 c - 34 stones
Armour
 b - a +3 ring mail (worn)
 k - a +0 pair of boots (worn)
Scrolls
 e - a scroll of amnesia {unknown}
 f - 4 scrolls of identify {unknown}
 g - a scroll of immolation {unknown}
 h - a scroll of blinking {unknown}
 j - a scroll of torment {unknown}
 l - a scroll of magic mapping {unknown}
 n - a scroll of vulnerability {unknown}
Potions
 a - a potion of invisibility {unknown}
 d - 3 potions of brilliance {unknown}
 i - a potion of curing {unknown}
 m - a potion of heal wounds {unknown}


   Skills:
 * Level 2.3 Fighting
 * Level 2.0 Armour
 + Level 2.0 Dodging
 + Level 2.8 Stealth
 * Level 2.9 Spellcasting
 - Level 1.0 Transmutations
 * Level 4.5 Earth Magic


You had 3 spell levels left.
You knew the following spells:

 Your Spells              Type           Power      Damage    Failure   Level
a - Sandblast             Erth           36%        2d10      6%          1
b - Passwall              Tmut/Erth      9%         N/A       19%         2
c - Stone Arrow           Conj/Erth      20%        3d8       41%         3

Your spell library contained the following spells:

 Spells                   Type           Power      Damage    Failure   Level
 Freeze                   Ice            8%         1d3       36%         1
 Ensorcelled Hibernation  Hex/Ice        4%         N/A       52%         2
 Spider Form              Tmut/Pois      4%         N/A       67%         3
 Call Canine Familiar     Summ           2%         N/A       75%         3
 Frozen Ramparts          Ice            4%         1d2       75%         3
 Portal Projectile        Hex/Tloc       4%         N/A       75%         3
 Petrify                  Tmut/Erth      11%        N/A       77%         4
 Leda's Liquefaction      Hex/Erth       5%         N/A       83%         4
 Anguish                  Hex/Necr       1%         N/A       98%         4
 Hailstorm                Conj/Ice       2%         3d3       98%         4


Dungeon Overview and Level Annotations

Branches:
Dungeon (4/15)
 Temple: D:4-7

Altars:
Qazlal

Annotations:
D:4 Grinder


Innate Abilities, Weirdness & Mutations

You are immune to sickness and miasma.
Your stone body is resilient. (AC +4)
You are immune to poison.
You resist negative energy. (rN+)
You are resistant to electric shocks. (rElec)
You are resistant to unholy torment.
You are immune to petrification.


Message History

Confirm with . or Enter, or press ? or * to list all spells.
You can't see any susceptible monsters within range! (Use Z to cast anyway.) Unknown command.
Casting: Sandblast (safe; 6% risk of failure)
Confirm with . or Enter, or press ? or * to list all spells.
Aiming: Sandblast (safe; 6% risk of failure)
Press: ? - help, Shift-Dir - straight line, f - ogre
Aim: an ogre, wielding a +0 giant club (90% to hit)
The blast of sand hits the ogre!
The ogre is moderately wounded.
c - 36 stones Unknown command.
Casting: Sandblast (safe; 6% risk of failure)
Confirm with . or Enter, or press ? or * to list all spells.
Aiming: Sandblast (safe; 6% risk of failure)
Press: ? - help, Shift-Dir - straight line, f/p - ogre
Aim: an ogre, wielding a +0 giant club (moderately wounded, 90% to hit)
The blast of sand misses the ogre.
c - 35 stones Unknown command.
Casting: Sandblast (safe; 6% risk of failure)
Confirm with . or Enter, or press ? or * to list all spells.
Aiming: Sandblast (safe; 6% risk of failure)
Press: ? - help, Shift-Dir - straight line, f/p - ogre
Aim: an ogre, wielding a +0 giant club (moderately wounded, 90% to hit)
The blast of sand hits the ogre!
The ogre is severely wounded.
c - 34 stones The ogre hits you with a +0 giant club!
Grinder comes into view.
Grinder gestures at you. Pain shoots through your body!
Grinder gestures at you. You resist with significant effort.
You hit the adder skeleton.
The adder skeleton is lightly damaged.
The adder skeleton bites you. Grinder completely misses you.
The ogre hits you with a +0 giant club!
Ouch! That really hurt!
You die...

.. #.. #.#
#.# #.# #.#
####5###
#....@.#
#.##O#Z#
#.#.####...
#........#
###.######
#.####.#
#.....[#
#####.##
#.# #.# #.#


You could see Grinder, an ogre and an adder skeleton.

Vanquished Creatures
  2 orc priests
  An orc wizard (D:4)
  2 adders (D:4)
  2 worms (D:2)
  A dart slug (D:3)
  7 orcs
  3 bats
  7 endoplasms
  3 giant cockroaches
  2 goblins (D:1)
  9 hobgoblins
  3 quokkas
  4 ball pythons
  6 kobolds
  6 rats
58 creatures vanquished.

Notes
Turn   | Place    | Note
-------+----------+-------------------------------------------
     0 | D:1      | Zeld the Gargoyle Earth Elementalist began the quest for
                  | the Orb.
     0 | D:1      | Reached XP level 1. HP: 10/10 MP: 3/3
   284 | D:1      | Reached XP level 2. HP: 16/16 MP: 1/5
   348 | D:1      | Reached skill level 1 in Transmutations
  1245 | D:2      | Reached skill level 1 in Fighting
  1245 | D:2      | Reached XP level 3. HP: 20/20 MP: 4/6
  1247 | D:2      | Reached skill level 1 in Armour
  1250 | D:2      | Learned a level 2 spell: Passwall
  1254 | D:2      | Learned a level 3 spell: Stone Arrow
  1622 | D:2      | Reached skill level 4 in Earth Magic
  2100 | D:3      | Found a stormy altar of Qazlal.
  2580 | D:3      | Reached XP level 4. HP: 11/25 MP: 0/7
  3014 | D:3      | Found a faded altar of an unknown god.
  3285 | D:4      | Reached XP level 5. HP: 8/30 MP: 0/9
  3916 | D:4      | Noticed an ogre
  3923 | D:4      | Noticed Grinder
  3927 | D:4      | Slain by an ogre

Illustrated notes

Levels and vault maps discovered:
D:1:      dpeg_arrival_arbitrary_b, layout_basic
D:2:      layout_loops_ring, serial_glass, glass_columns_c, glass_columns_c
D:3:      layout_loops_ring, amcnicky_altar_gilded,
          shapermc_ecumenical_altar_ellora
D:4:      layout_loops_corners, kennysheep_flooded_box, uniq_grinder

Skill      XL: |  1  2  3  4  5 |
---------------+----------------+-----
Transmutations | 1 |  1.0
Fighting       | 1 2 |  2.3
Armour         | 1 2 |  2.0
Earth Magic    | 4 |  4.5
Dodging        | 2 |  2.0
Stealth        | |  2.8
Spellcasting   | |  2.9

Action                   |  1- 3 |  4- 6 || total
-------------------------+-------+-------++-------
Melee: Unarmed           |     8 |     8 ||    16
 Cast: Sandblast         |    72 |    39 ||   111
Armor: Robe              |     5 |       ||     5
       Ring mail         |    15 |    14 ||    29
Dodge: Dodged            |    17 |    10 ||    27
